 Dungeon Crawl Stone Soup version 0.22.1 (webtiles) character file.

962 dvd the Changer (level 7, -2/28 HPs)
             Began as a Felid Transmuter on Sept 19, 2018.
             Was a Believer of Uskayaw.
             Killed by divine providence
             ... invoked by an orc priest
              (16 damage)
             ... on level 7 of the Dungeon.
             The game lasted 00:24:56 (9517 turns).

dvd the Changer (Felid Transmuter)                  Turns: 9517, Time: 00:24:57

Health: -2/28      AC:  2    Str: 10    XL:     7   Next: 92%
Magic:  15/15      EV: 20    Int: 17    God:    Uskayaw [**....]
Gold:   406        SH:  0    Dex: 16    Spells: 3/16 levels left
                                        Lives:  0   Deaths: 2

rFire    . . .     SeeInvis +     - Unarmed
rCold    . . .     Gourm    .   (shield unavailable)
rNeg     . . .     Faith    .   (armour unavailable)
rPois    +         Spirit   .   (helmet unavailable)
rElec    .         Reflect  .   (cloak unavailable)
rCorr    .         Harm     .   (gloves unavailable)
MR       +....                  (boots unavailable)
Stlth    +++.......             d - amulet of rage
HPRegen  0.09/turn              j - +4 ring of strength
MPRegen  0.14/turn              l - ring of poison resistance

@: quick
A: very small, no armour, no weapons or thrown items, stealth, claws 1, fangs 3,
see invisible, carnivore, speed 1, shaggy fur 2, slow metabolism 1, sharp paws
a: Stomp, Line Pass, Renounce Religion, Evoke Berserk Rage


You were on level 7 of the Dungeon.
You worshipped Uskayaw.
Uskayaw was noncommittal.
You were not hungry.

You visited 2 branches of the dungeon, and saw 8 of its levels.

You collected 406 gold pieces.

Inventory:

Missiles
 a - 64 arrows
Jewellery
 d - an amulet of rage (around neck)
 j - a +4 ring of strength (left paw)
 l - a ring of poison resistance (right paw)
Wands
 x - a wand of acid (13)
 y - a wand of iceblast (10)
Scrolls
 b - a scroll of fog {unknown}
 e - 8 scrolls of identify {unknown}
 g - 3 scrolls of teleportation {unknown}
 h - 2 scrolls of enchant armour {unknown}
 k - 2 scrolls of magic mapping {unknown}
 m - a scroll of fear {unknown}
 r - 3 scrolls of blinking {unknown}
 s - a scroll of enchant weapon {unknown}
 t - a scroll of random uselessness {unknown}
 v - a scroll of immolation {unknown}
Potions
 f - a potion of heal wounds {unknown}
 i - 4 potions of berserk rage {unknown}
 n - 2 potions of lignification {unknown}
 o - a potion of magic {unknown}
 p - 3 potions of brilliance {unknown}
 q - 2 potions of curing
 u - a potion of haste {unknown}
 w - 2 potions of ambrosia {unknown}
 A - a potion of agility {unknown}
Comestibles
 c - 14 rations


   Skills:
 + Level 1.2 Fighting
 + Level 4.8 Dodging
 + Level 4.7 Stealth
 + Level 6.7 Unarmed Combat
 + Level 5.0 Spellcasting
 * Level 7.1 Transmutations
 + Level 2.1 Poison Magic
 * Level 2.2 Invocations


You had 3 spell levels left.
You knew the following spells:

 Your Spells              Type           Power        Failure   Level  Hunger
a - Beastly Appendage     Tmut           ####..       1%          1    None
b - Sticks to Snakes      Tmut           ####....     1%          2    #......
c - Spider Form           Tmut/Pois      ###.......   6%          3    ###....
d - Blink                 Tloc           N/A          22%         2    #......
e - Blade Hands           Tmut           ####......   21%         5    ######.

Your spell library contained the following spells:

 Spells                   Type           Power        Failure   Level  Hunger
 Magic Dart               Conj           #...         14%         1    None
 Call Imp                 Summ           #.......     22%         2    #......
 Slow                     Hex            #.......     22%         2    #......
 Mephitic Cloud           Conj/Pois/Air  #.......     32%         3    ###....
 Conjure Flame            Conj/Fire      #.......     38%         3    ###....
 Ice Form                 Ice/Tmut       ###.....     32%         4    ####...


Dungeon Overview and Level Annotations

Branches:
Dungeon (7/15)             Temple (1/1) D:7

Altars:
Ashenzari
Dithmenos
Elyvilon
Fedhas
Hepliaklqana
Kikubaaqudgha
Makhleb
Nemelex Xobeh
Okawaru
Ru
Sif Muna
Trog
Uskayaw
Vehumet
Wu Jian
Xom
Yredelemnul
Zin
The Shining One
Beogh

Shops:
D:4 [   D:6 *

Annotations:
D:3 1 exclusion
D:6 Menkaure


Innate Abilities, Weirdness & Mutations

You cannot wear armour.
You are incapable of wielding weapons or throwing items.
Your paws allow you to move quietly. (Stealth)
You have sharp claws.
You have razor-sharp teeth.
You have supernaturally acute eyesight. (SInv)
You are carnivorous and can eat meat at any time.
You cover ground quickly.
You are covered in thick fur. (AC +2)
You have a slow metabolism.
Your sharp claws are effective at attacking unaware monsters.


Message History

You closely miss the orc priest.
The hippogriff screeches!
The orc hits you.
The orc priest mumbles some strange prayers to Beogh against you.
Pain shoots through your body!
You scratch the orc priest.
The orc priest is lightly wounded.
The orc wizard misses you. The orc barely misses you.
The orc priest closely misses you.
You closely miss the orc priest. Your bite misses the orc priest.
The orc priest is lightly wounded.
The orc wizard points at you and mumbles some strange words.
The magic dart hits you!
You claw the orc priest!
The orc priest is severely wounded.
The orc misses you.
The orc priest invokes the aid of Beogh against you.
Beogh smites you!
Ouch! That really hurt!
You die...

###.###### # #.....# #
#.###.# # ####### #.#
#.# # #.....###
#.###.######
###...>...###.....#.....
........................
#..H.ooo.######.##.....
#.....@### ...#######
#......# #.#### #
#.###### # # # ## #. #.
####. ###.... #......


You could see a hippogriff, an orc priest, an orc wizard and an orc.

Vanquished Creatures
  2 orc warriors
  2 phantoms
  A sky beast (D:7)
  2 necrophages
  A bullfrog (D:6)
  A scorpion (D:6)
  6 killer bees (D:7)
  A howler monkey (D:7)
  3 crimson imps (D:5)
  A bullfrog zombie (D:5)
  A quasit (D:6)
  3 centaur skeletons
  2 orc priests
  A bullfrog skeleton (D:6)
  2 iguanas
  3 worker ants
  7 orc wizards
  2 hound skeletons (D:6)
  7 adders
  4 gnolls (D:3)
  2 shadow imps
  An adder skeleton (D:7)
  2 worms (D:2)
  4 dart slugs
  A leopard gecko (D:4)
  19 orcs
  6 bats
  4 giant cockroaches
  6 goblins
  5 hobgoblins
  9 jackals
  2 kobolds (D:1)
  4 quokkas
  5 frilled lizards
  3 leopard gecko skeletons
  A quokka zombie (D:5)
  13 rats
139 creatures vanquished.

Vanquished Creatures (collateral kills)
  An orc warrior (D:7)
  An orc priest (D:7)
  A hound zombie (D:6)
  An adder (D:6)
4 creatures vanquished.

Grand Total: 143 creatures vanquished

Notes
Turn   | Place    | Note
-------+----------+-------------------------------------------
     0 | D:1      | dvd the Felid Transmuter began the quest for the Orb.
     0 | D:1      | Reached XP level 1. HP: 9/9 MP: 4/4
   299 | D:1      | Reached XP level 2. HP: 12/12 MP: 4/6
   375 | D:1      | Learned a level 2 spell: Sticks to Snakes
  1520 | D:2      | Reached XP level 3. HP: 14/15 MP: 5/7
  1667 | D:2      | Reached skill level 1 in Stealth
  1691 | D:2      | Learned a level 3 spell: Spider Form
  2152 | D:2      | Reached XP level 4. HP: 15/19 MP: 4/9
  2382 | D:3      | Reached skill level 3 in Transmutations
  3171 | D:3      | Found a sacrificial altar of Ru.
  3174 | D:3      | Reached XP level 5. HP: 9/22 MP: 6/10
  3390 | D:3      | Found a faded altar of an unknown god.
  3512 | D:3      | Found a glowing golden altar of the Shining One.
  3597 | D:3      | Found a roughly hewn altar of Beogh.
  4130 | D:4      | Found Ufapnuz's Armour Emporium.
  4263 | D:5      | Entered Level 5 of the Dungeon
  4310 | D:5      | Noticed an orc warrior
  4624 | D:5      | Gained mutation: You are covered in thick fur. (AC +2)
                  | [Felid growth]
  4624 | D:5      | Reached XP level 6. HP: 25/25 MP: 7/11
  4777 | D:5      | Killed from afar by an orc priest
  4778 | D:5      | Reached XP level 5. HP: 0/22 MP: 8/10
  4787 | D:5      | Reached skill level 4 in Transmutations
  4836 | D:5      | Noticed a necrophage
  4849 | D:5      | Killed a necrophage
  4849 | D:5      | Reached XP level 6. HP: 14/25 MP: 11/11
  5117 | D:5      | Killed an orc warrior
  5117 | D:5      | Reached skill level 1 in Poison Magic
  5435 | D:5      | Reached skill level 5 in Unarmed Combat
  5795 | D:5      | Reached skill level 5 in Transmutations
  5885 | D:5      | Reached XP level 7. HP: 28/28 MP: 9/13
  5914 | D:6      | Learned a level 2 spell: Blink
  5952 | D:6      | Found an ornate altar of the Wu Jian Council.
  5975 | D:6      | Noticed Menkaure
  6509 | D:6      | Found Zun Ump's Assorted Antiques.
  7248 | D:7      | Reached skill level 6 in Transmutations
  7257 | D:7      | Found a radiant altar of Vehumet.
  7257 | D:7      | Found a faded altar of an unknown god.
  7263 | D:7      | Found a sparkling altar of Nemelex Xobeh.
  7269 | D:7      | Found a faded altar of an unknown god.
  7270 | D:7      | Found a bloodstained altar of Trog.
  7568 | D:7      | Reached XP level 8. HP: 31/32 MP: 12/15
  7873 | D:7      | Found a staircase to the Ecumenical Temple.
  7882 | Temple   | Entered the Ecumenical Temple
  7910 | Temple   | Became a worshipper of Uskayaw the Reveler
  8136 | D:7      | Reached * piety under Uskayaw
  8480 | D:7      | Reached skill level 7 in Transmutations
  8578 | D:6      | Learned a level 5 spell: Blade Hands
  8618 | D:7      | Reached skill level 1 in Invocations
  8618 | D:7      | Reached ** piety under Uskayaw
  8899 | D:7      | Reached skill level 5 in Spellcasting
  9131 | D:7      | Found a deep blue altar of Sif Muna.
  9398 | D:7      | Noticed a hippogriff
  9436 | D:7      | Slain by a hippogriff
  9437 | D:7      | Reached XP level 7. HP: -3/27 MP: 14/15
  9513 | D:7      | Noticed a hippogriff
  9517 | D:7      | Killed from afar by an orc priest

Skill      XL: |  1  2  3  4  5  6  7  8 |
---------------+-------------------------+-----
Dodging        | 3 4 |  4.8
Stealth        | 1 2 4 |  4.7
Transmutations | 3 4 5 6 7 |  7.1
Unarmed Combat | 4 5 6 |  6.7
Spellcasting   | 3 4 5 |  5.0
Poison Magic   | 1 2 |  2.1
Invocations    | 2 |  2.2
Fighting       | |  1.2

Action                   |  1- 3 |  4- 6 |  7- 9 || total
-------------------------+-------+-------+-------++-------
Melee: Unarmed           |   101 |   154 |   168 ||   423
       Headbutt          |    14 |    11 |    11 ||    36
       Punch             |     2 |     2 |       ||     4
       Bite              |     8 |     4 |     9 ||    21
 Cast: Beastly Appendage |    25 |    16 |     9 ||    50
       Sticks to Snakes  |     2 |     3 |    12 ||    17
       Spider Form       |     2 |    15 |    17 ||    34
       Blade Hands       |       |       |     2 ||     2
  Use: Potion            |     1 |       |       ||     1
 Stab: Sleeping          |     4 |    10 |     5 ||    19
       Distracted        |     1 |       |       ||     1
  Eat: Chunk             |    10 |     7 |    16 ||    33
Armor: Skin              |     3 |     6 |    11 ||    20
Dodge: Dodged            |    70 |    86 |   154 ||   310
